 Dungeon Crawl Stone Soup version 0.20.0-15-g7f486f2 (webtiles) character file.

63 Ekaitz the Caller (level 4, -4/32 HPs)
             Began as a Barachi Summoner on June 26, 2017.
             Killed by divine providence
             ... invoked by an orc priest
              (11 damage)
             ... on level 3 of the Dungeon.
             The game lasted 00:06:36 (1546 turns).

Ekaitz the Caller (Barachi Summoner)                Turns: 1546, Time: 00:06:37

Health: -4/32      AC:  4    Str: 10    XL:     4   Next: 9%
Magic:  1/8        EV: 12    Int: 15    God:
Gold:   118        SH:  0    Dex: 13    Spells: 3/9 levels left

rFire    . . .     SeeInvis .   u - +0 long sword
rCold    . . .     Gourm    .   (no shield)
rNeg     . . .     Faith    .   a - +0 robe
rPois    .         Spirit   .   (no helmet)
rElec    .         Reflect  .   (no cloak)
rCorr    .         Harm     .   e - +1 pair of gloves
MR       .....                  (no boots)
Stlth    ++........             (no amulet)
Regen    0.1/turn               (no ring)
MPRegen  0.2/turn               (no ring)

@: slow
A: +LOS, swims, slowness 1, strong legs 1
a: Hop


You were on level 3 of the Dungeon.
You were not hungry.

You visited 1 branch of the dungeon, and saw 3 of its levels.

You collected 118 gold pieces.

Inventory:

Hand Weapons
 u - a +0 long sword (weapon)
Missiles
 f - 3 throwing nets (quivered)
 g - 56 arrows
Armour
 a - a +0 robe (worn)
 e - a +1 pair of gloves (worn)
 i - a cursed +0 scale mail
 v - a +0 buckler
Wands
 n - a wand of polymorph (14/24)
Scrolls
 j - a scroll of magic mapping {unknown}
 k - a scroll of blinking {unknown}
 l - 3 scrolls of identify {unknown}
Potions
 h - a potion of agility {unknown}
 m - a potion of curing {unknown}
 p - a potion of cancellation {unknown}
 q - a potion of might {unknown}
 s - a potion of brilliance {unknown}
 t - 2 potions of lignification {unknown}
 w - a potion of heal wounds {unknown}
Books
 b - a book of Callings

   Spells                             Type                      Level
   a - Summon Small Mammal            Summoning                    1
   b - Call Imp                       Summoning                    2
   c - Call Canine Familiar           Summoning                    3
   d - Summon Guardian Golem          Hexes/Summoning              3
   e - Summon Lightning Spire         Summoning/Air                4
   f - Summon Ice Beast               Ice/Summoning                4
Comestibles
 c - a bread ration
 d - 2 royal jellies
 o - 2 fruits
 r - a chunk of flesh


   Skills:
 * Level 1.3 Fighting
 * Level 0.2 Long Blades
 + Level 2.3 Dodging
 + Level 1.8 Stealth
 * Level 0.4 Shields
 + Level 3.0 Spellcasting
 + Level 5.5 Summonings


You had 3 spell levels left.
You knew the following spells:

 Your Spells              Type           Power        Failure   Level  Hunger
a - Summon Small Mammal   Summ           ###.         1%          1    #......
b - Call Imp              Summ           ###.....     3%          2    ##.....
c - Call Canine Familiar  Summ           ###.....     6%          3    ###....


Dungeon Overview and Level Annotations

Branches:
Dungeon (3/15)

Altars:
Uskayaw


Innate Abilities, Weirdness & Mutations

Shadows flee at your approach. (+LOS)
You can swim through water.
You cover ground slowly.
You can hop short distances.


Message History

Something hits your hound but does no damage.
Your hound bites something but does no damage.
The orc priest moves out of view.
Your hound bites something.
Your hound appears confused.
Casting: Call Imp
Confirm with . or Enter, or press ? or * to list all spells.
Your hound disappears in a puff of smoke!
The orc priest invokes the aid of Beogh against you.
Beogh smites you!
Unknown command.
Your hound bites something.
The orc priest invokes the aid of Beogh against you.
Beogh smites you!
* * * LOW HITPOINT WARNING * * *
Something closely misses your hound.
Your hound bites something but does no damage.
The orc priest mumbles some strange prayers to Beogh against you.
Beogh smites you!
You die...

...#####.########..
#####............o
###...##.#######)#
>##.####.# #o#
....# #.# #####{#
.#### #.# #....h#
....# #.# #.###5#
###.## #.# #.# #.#
# #..###.###.# #@#
##..#...##.# #.#
##.....##.# #.#
###....).# #..
####.### ... #.#
.#.# #.# . .# #.#
#. .# #.# #. ##


You could see an orc priest, an orc, a friendly hound and a friendly crimson
imp.

Vanquished Creatures
  An orc (D:3)
  A goblin (D:3)
  A hobgoblin (D:3)
  2 kobolds (D:3)
  A quokka (D:3)
  A bat (D:3)
7 creatures vanquished.

Vanquished Creatures (collateral kills)
  Jessica (D:2)
  3 adders
  2 worms
  3 leopard geckos
  5 bats
  5 giant cockroaches
  A goblin (D:3)
  3 hobgoblins (D:2)
  A kobold (D:1)
  A quokka (D:2)
  A frilled lizard (D:1)
  6 rats
32 creatures vanquished.

Grand Total: 39 creatures vanquished

Notes
Turn   | Place    | Note
-------+----------+-------------------------------------------
     0 | D:1      | Ekaitz the Barachi Summoner began the quest for the Orb.
     0 | D:1      | Reached XP level 1. HP: 13/13 MP: 3/3
    76 | D:1      | Reached skill level 5 in Summonings
   448 | D:2      | Reached XP level 2. HP: 20/20 MP: 1/5
   452 | D:2      | Learned a level 2 spell: Call Imp
   600 | D:2      | Noticed Jessica
   613 | D:2      | Killed Jessica
   716 | D:2      | Reached skill level 1 in Fighting
   716 | D:2      | Reached XP level 3. HP: 26/26 MP: 5/7
   721 | D:2      | Learned a level 3 spell: Call Canine Familiar
   780 | D:2      | Found a hide-covered altar of Uskayaw.
  1475 | D:3      | Reached XP level 4. HP: 32/32 MP: 0/8
  1546 | D:3      | Killed from afar by an orc priest

Skill      XL: |  1  2  3  4 |
---------------+-------------+-----
Summonings     | 5 |  5.5
Fighting       | 1 |  1.3
Spellcasting   | 3 |  3.0
Long Blades    | |  0.2
Dodging        | |  2.3
Stealth        | |  1.8
Shields        | |  0.4

Action                   |  1- 3 |  4- 6 || total
-------------------------+-------+-------++-------
Melee: Long sword        |    13 |     8 ||    21
 Cast: Summon Small Mamm |    23 |       ||    23
       Call Imp          |    20 |     1 ||    21
       Call Canine Famil |     7 |     2 ||     9
  Eat: Chunk             |     4 |     1 ||     5
Armor: Robe              |    16 |     1 ||    17
Dodge: Dodged            |    35 |    10 ||    45
       Rpst.: Long sword |     3 |     3 ||     6
